 Dungeon Crawl Stone Soup version 0.29.1-15-g9cfb28693d (webtiles) character file.

Game seed: 15303501427182234128

74 BuddhaDhamma the Chopper (level 4, 0/39 HPs)
             Began as a Minotaur Berserker on Mar 8, 2023.
             Was a Believer of Trog.
             Slain by a kobold
             ... wielding the +12 hand axe of the Girdle {freeze, rF+ Str+2 SInv Stlth-}
              (1 damage)
             ... on level 3 of the Dungeon.
             The game lasted 00:04:08 (2552 turns).

BuddhaDhamma the Chopper (Minotaur Berserker)       Turns: 2552, Time: 00:04:09

Health: 0/39       AC: 11    Str: 23    XL:     4   Next: 9%
Magic:  3/3        EV:  8    Int:  4    God:    Trog [**....]
Gold:   199        SH:  0    Dex: 10    Spells: 3/3 levels left

rFire   . . .      SeeInvis .   t - +0 war axe
rCold   . . .      Faith    .   (no shield)
rNeg    . . .      Spirit   .   b - +0 chain mail
rPois   .          Reflect  .   (helmet restricted)
rElec   .          Harm     .   (no cloak)
rCorr   .          Rampage  .   j - +0 pair of gloves
Will    +....                   u - +0 pair of boots
Stlth   ..........              (no amulet)
HPRegen 0.13/turn               i - ring of willpower
MPRegen 0.08/turn               (no ring)

@: no status effects
A: horns 2, retaliatory headbutt
a: Renounce Religion, Berserk, Trog's Hand


You were on level 3 of the Dungeon.
You worshipped Trog.
Trog was pleased with you.
You visited 1 branch of the dungeon, and saw 3 of its levels.

You collected 199 gold pieces.

Inventory:

Hand Weapons
 t - a +0 war axe (weapon)
Missiles
 m - 5 poisoned darts (quivered)
Armour
 b - a +0 chain mail (worn)
 j - a +0 pair of gloves (worn)
 u - a +0 pair of boots (worn)
Jewellery
 h - a +6 ring of intelligence
 i - a ring of willpower (left hand)
Scrolls
 a - a scroll of silence {unknown}
 e - a scroll of vulnerability {unknown}
 f - a scroll of summoning {unknown}
 g - 3 scrolls of identify {unknown}
 l - a scroll of blinking {unknown}
 n - a scroll of teleportation {unknown}
 o - a scroll of poison {unknown}
 r - a scroll of fear {unknown}
 s - a scroll of fog {unknown}
Potions
 c - a potion of brilliance {unknown}
 d - 2 potions of cancellation {unknown}
 k - 2 potions of might {unknown}
 p - a potion of curing {unknown}
 q - a potion of mutation {unknown}


   Skills:
 - Level 3.6 Fighting
 + Level 6.0 Axes
 - Level 2.4 Armour
 - Level 2.1 Dodging


You had 3 spell levels left.
You didn't know any spells.
Your spell library was empty.

Dungeon Overview and Level Annotations

Branches:
Dungeon (3/15)

Altars:
Gozag
Makhleb
Okawaru

Shops:
D:3 *


Innate Abilities, Weirdness & Mutations

You have a pair of horns on your head.
You reflexively headbutt those who attack you in melee.


Message History

The orc hits you but does no damage.
You closely miss the orc.
The orc is severely wounded.
The orc barely misses you. You furiously retaliate!
You headbutt the orc, but do no damage. You slash the orc!
You kill the orc!
Trog accepts your kill.
Things that are here:
a +0 flail; an orc corpse You start putting on your armour.
You continue putting on your +0 pair of boots. x4
You finish putting on your +0 pair of boots.
A kobold comes into view.
It is wielding the +12 hand axe of the Girdle {freeze, rF+ Str+2 SInv Stlth-}.
The kobold shouts!
The kobold moves out of view.
No target in view!
You barely miss the kobold. Your headbutt misses the kobold.
The kobold hits you with the +12 hand axe of the Girdle {freeze, rF+ Str+2 SInv Stlth-}.
The kobold freezes you.
You closely miss the kobold. The kobold hits you but does no damage.
You closely miss the kobold.
The kobold hits you with the +12 hand axe of the Girdle {freeze, rF+ Str+2 SInv Stlth-}.
The kobold freezes you.
The kobold hits you with the +12 hand axe of the Girdle {freeze, rF+ Str+2 SInv Stlth-}.
The kobold freezes you.
You are too injured to fight recklessly!
You are too injured to fight recklessly!
You are too injured to fight recklessly!
You barely miss the kobold. The kobold hits you but does no damage.
You closely miss the kobold.
The kobold hits you with the +12 hand axe of the Girdle {freeze, rF+ Str+2 SInv Stlth-}!
The kobold freezes you.
* * * LOW HITPOINT WARNING * * *
You hit the kobold.
The kobold is moderately wounded.
The kobold hits you with the +12 hand axe of the Girdle {freeze, rF+ Str+2 SInv Stlth-}!
* * * LOW HITPOINT WARNING * * *
The kobold freezes you.
You die...

.#####.......... #.#.##.#
.+...#..#.).).#. #......#######
.###.#.##.._..## #.#.##.......#
........#.).).#. .#..........#
.###............ #.#.###.#.##.#
.# #.##...###... #.......#.# #
.###.......#....##.#.#.#.#.##.#
...................#.#.#......#
.###.####......K@......###.######
<.##.# #......###......##.......#
#.##.###..#.#.###.......#..####.#
...#..............#..#.....#
#.##.###..#.#.......##..#.##
#.##.# #..<...###.####..#.#
#.##.# #.#..#.###.####....#####.#
#.##.###.#.)...........##.......#
#.##.....##.#.###.#######.#######


You could see a kobold.

Vanquished Creatures
  A worm (D:3)
  3 dart slugs
  An orc (D:3)
  8 endoplasms
  2 giant cockroaches
  4 goblins
  3 hobgoblins
  13 kobolds
  A quokka (D:2)
  9 ball pythons
  4 bats
  6 frilled lizards
  6 rats
61 creatures vanquished.

Notes
Turn   | Place    | Note
-------+----------+-------------------------------------------
     0 | D:1      | BuddhaDhamma the Minotaur Berserker began the quest for the
                  | Orb.
     0 | D:1      | Reached XP level 1. HP: 19/19 MP: 0/0
   106 | D:1      | Reached skill level 4 in Axes
   120 | D:1      | Reached XP level 2. HP: 12/26 MP: 1/1
   594 | D:1      | Reached skill level 5 in Axes
   744 | D:1      | Reached ** piety under Trog
   745 | D:1      | Reached XP level 3. HP: 26/31 MP: 2/2
   988 | D:1      | Found a faded altar of an unknown god.
  2093 | D:3      | Found a burning altar of Makhleb.
  2183 | D:3      | Found Gozag's Platinum Reserve.
  2183 | D:3      | Found an opulent altar of Gozag.
  2258 | D:3      | Reached XP level 4. HP: 38/39 MP: 3/3
  2292 | D:3      | Reached skill level 6 in Axes
  2317 | D:3      | Found an iron altar of Okawaru.
  2544 | D:3      | Identified the +12 hand axe of the Girdle {freeze, rF+
                  | Str+2 SInv Stlth-}
  2552 | D:3      | HP: 1/39 [kobold/the +12 hand axe of the Girdle {freeze,
                  | rF+ Str+2 SInv Stlth-} (9)]
  2552 | D:3      | Slain by a kobold

Illustrated notes

Levels and vault maps discovered:
D:1:      minmay_arrival_up_and_down, layout_basic, basic_ecumenical_altar,
          nicolae_concentric_dashed_squares_wild, nicolae_figureground_sparkle
D:2:      layout_rooms, minmay_misc_feat_cross, grunt_ministairs_6,
          kennysheep_generic_room_6
D:3:      layout_basic, lightli_temple_of_fire, nicolae_gozag_zags_fifth_avenue,
          okawaru_ov_weapons_minmay, minmay_fractal_squares_5

Skill      XL: |  1  2  3  4 |
---------------+-------------+-----
Axes           | 4 5 6 |  6.0
Fighting       | |  3.6
Armour         | |  2.4
Dodging        | |  2.1

Action                   |  1- 3 |  4- 6 || total
-------------------------+-------+-------++-------
Melee: Hand axe          |    78 |       ||    78
       Headbutt          |    18 |     1 ||    19
       Punch             |     1 |       ||     1
       War axe           |    28 |    17 ||    45
Armor: Animal skin       |     5 |       ||     5
       Chain mail        |    63 |     6 ||    69
       Ring mail         |     9 |       ||     9
Dodge: Dodged            |    56 |     4 ||    60
